 Dungeon Crawl Stone Soup version 0.17.0-28-g6e173f8 (webtiles) character file.

92 lucasterio the Digger (level 4, -5/33 HPs)
             Began as a Draconian Earth Elementalist on Nov 29, 2015.
             Killed from afar by Ijyb (13 damage)
             ... with a wand of frost
             ... on level 2 of the Dungeon.
             The game lasted 00:09:19 (2642 turns).

lucasterio the Digger (DrEE)                        Turns: 2642, Time: 00:09:19

Health: -5/33      AC:  5    Str: 10    XL:     4   Next: 35%
Magic:  6/8        EV: 12    Int: 17    God:
Gold:   98         SH:  0    Dex: 11    Spells: 1 memorised, 7 levels left

rFire  . . .     SeeInvis .     o - +2 dagger (venom)
rCold  . . .     Clarity  .     (armour unavailable)
rNeg   . . .     SustAt   .     (no shield)
rPois  .         Gourm    .     (helmet restricted)
rElec  .         Spirit   .     (no cloak)
rCorr  +         Warding  .     (no gloves)
rMut   .         Stasis   .     (no boots)
MR     .....                    m - amulet of resist corrosion
Stlth  ++........               (no ring)
                                (no ring)

@: not resistant to hostile enchantments, unstealthy
A: unfitting armour, cold-blooded, AC +5
a: no special abilities


You were on level 2 of the Dungeon.
You were not hungry.

You visited 1 branch of the dungeon, and saw 2 of its levels.

You collected 98 gold pieces.

Inventory:

Hand Weapons
 o - a +2 dagger of venom (weapon)
Missiles
 a - 64 stones (quivered)
Jewellery
 e - an uncursed amulet of rage
 m - an amulet of resist corrosion (around neck)
Scrolls
 d - 2 scrolls of remove curse {unknown}
 g - a scroll of teleportation {unknown}
 j - a scroll of identify {unknown}
Potions
 f - a potion of curing {unknown}
 n - a potion of heal wounds {unknown}
Books
 b - a book of Geomancy

   Spells                             Type                      Level
   a - Sandblast                      Earth                        1
   b - Stoneskin                      Transmutation/Earth          2
   c - Passwall                       Transmutation/Earth          3
   d - Stone Arrow                    Conjuration/Earth            3
   e - Petrify                        Transmutation/Earth          4
   f - Lee's Rapid Deconstruction     Earth                        5
Comestibles
 c - a bread ration
 i - a beef jerky
 k - 4 fruits
 l - 3 meat rations
 p - 2 chunks of flesh


   Skills:
 - Level 1.7 Dodging
 - Level 1.7 Stealth
 + Level 2.9 Spellcasting
   Level 1.0 Transmutations
 * Level 4.6 Earth Magic


You had 7 spell levels left.
You knew the following spells:

 Your Spells              Type           Power        Failure   Level  Hunger
a - Sandblast             Erth           ###...       2%          1    #......


Dungeon Overview and Level Annotations

Branches:
Dungeon (2/15)

Altars:
Dithmenos

Annotations:
D:2 Ijyb


Innate Abilities, Weirdness & Mutations

Your plain brown scales are hard (AC +5).
Your body does not fit into most forms of armour.
You are cold-blooded and may be slowed by cold attacks.


Message History

Ijyb zaps a wand.
The puff of frost hits you!
It is a wand of frost.
Ijyb zaps a wand.
The puff of frost hits you!
You hit Ijyb but do no damage.
Ijyb is poisoned.
Ijyb zaps a wand.
The puff of frost hits you!
Casting: Sandblast
Confirm with . or Enter, or press ? or * to list all spells.
Aiming: Sandblast
Press: ? - help, Shift-Dir - straight line, f - Ijyb
Aim: Ijyb, wielding a dagger, wearing a ring mail and carrying a wand of frost {zapped: 3} (poisoned)
The blast of sand misses Ijyb.
Ijyb zaps a wand.
The puff of frost hits you!
* * * LOW HITPOINT WARNING * * *
Casting: Sandblast
Confirm with . or Enter, or press ? or * to list all spells.
Aiming: Sandblast
Press: ? - help, Shift-Dir - straight line, f/p - Ijyb
Aim: Ijyb, wielding a dagger, wearing a ring mail and carrying a wand of frost {zapped: 4} (lightly wounded, poisoned)
The blast of sand hits Ijyb.
Ijyb is lightly wounded.
Ijyb zaps a wand.
The puff of frost hits you!
You die...

#.#.....# #.##.##
#.......########.#...#
+.....................
####...#######.###...#
#..## #.# #...# #.##
#.###...# #.#
##......# #.####
####.### #.@g.# #.#
####.# #.# # #.# #.#
#####.### #........
#.###.##. #.# #....
#.# ####(


You could see Ijyb.

Vanquished Creatures
  Natasha (D:2)
  2 oozes
  A giant gecko (D:1)
  9 hobgoblins
  9 kobolds
  2 quokkas (D:2)
  A ball python (D:1)
  7 bats (D:1)
  4 giant newts (D:1)
  5 goblins
  3 jackals (D:1)
  17 rats
61 creatures vanquished.

Notes
Turn   | Place    | Note
--------------------------------------------------------------
     0 | D:1      | lucasterio the Draconian Earth Elementalist began the quest for the Orb.
     0 | D:1      | Reached XP level 1. HP: 14/14 MP: 3/3
   245 | D:1      | Reached XP level 2. HP: 12/20 MP: 5/5
   969 | D:1      | Reached XP level 3. HP: 22/26 MP: 6/6
  1174 | D:1      | Reached skill level 4 in Earth Magic
  2477 | D:2      | Found a shadowy altar of Dithmenos.
  2496 | D:2      | Noticed Natasha
  2510 | D:2      | Reached XP level 4. HP: 30/33 MP: 8/8
  2526 | D:2      | Killed Natasha
  2638 | D:2      | Noticed Ijyb
  2642 | D:2      | Killed from afar by Ijyb

Action                   |  1- 3 |  4- 6 || total
-------------------------+-------+-------++-------
Melee: Unarmed           |    63 |       ||    63
       Dagger            |   142 |     3 ||   145
       Club              |    16 |       ||    16
 Cast: Sandblast         |    32 |     9 ||    41
 Stab: Sleeping          |     4 |       ||     4
  Eat: Chunk             |     6 |       ||     6
